 Dungeon Sprint DCSS version 0.30-a0-956-gcec3b41aec (webtiles) character file.

Game seed: 10843562589456005382

4 Parcival the Covered (level 3, -4/37 HPs)
             Began as a Minotaur Fighter on Mar 29, 2023.
             Was a Follower of Trog.
             Slain by a gnoll bouda
             ... wielding a +0 whip
              (9 damage)
             ... in the Dungeon (Sprint VI: "Thunderdome").
             The game lasted 00:04:42 (165 turns).

Parcival the Covered (Minotaur Fighter)              Turns: 165, Time: 00:04:43

Health: -4/37      AC:  7    Str: 22    XL:     3   Next: 66%
Magic:  2/2        EV:  9    Int:  5    God:    Trog [*.....]
Gold:   210        SH:  0    Dex:  9    Spells: 2/2 levels left

rFire   . . .      SeeInvis .    d - +4 quarterstaff (chaos)
rCold   . . .      Faith    .    (shield currently unavailable)
rNeg    . . .      Spirit   .    b - +0 scale mail
rPois   .          Reflect  .    (helmet restricted)
rElec   .          Rampage  .    (no cloak)
rCorr   .          NoTele   +    (no gloves)
Will    .....                    (no boots) Stlth
                                 (no amulet)
HPRegen 0.26/turn                (no ring)
MPRegen 0.08/turn                (no ring)

@: no status effects
A: horns 2, retaliatory headbutt
a: Renounce Religion, Berserk


You were in the Dungeon.
You worshipped Trog.
Trog was aware of your devotion.
You visited 1 branch You collected 210 gold pieces.

Inventory:

Hand Weapons
 a - a +0 war axe
 d - a +4 quarterstaff of chaos (weapon)
Armour
 b - a +0 scale mail (worn)
 c - a +0 buckler
Wands
 k - a wand of light (5)
 l - a wand of roots (5)
Scrolls
 j - 4 scrolls of blinking
 m - 3 scrolls of fog
Potions
 e - a potion of curing
 f - 4 potions of heal wounds
 g - 4 potions of haste
 h - 2 potions of magic
 i - a potion of berserk rage
 n - a potion of resistance


   Skills:
 + Level 5.8 Fighting
 + Level 4.1 Axes
 + Level 6.0 Armour
 + Level 5.7 Shields


You had 2 spell levels left.
You didn't know any spells.
Your spell library was empty.

Dungeon Overview and Level Annotations

Branches:
Dungeon (1/1)

Altars:
Cheibriados
Dithmenos
Fedhas
Gozag
Kikubaaqudgha
Makhleb
Okawaru
Qazlal
Ru
Sif Muna
Trog
Uskayaw
Vehumet
Wu Jian
Xom
Yredelemnul
Zin
The Shining One
Lugonu

Shops:
D *[??*?*:[((!!!!


Innate Abilities, Weirdness & Mutations

You have a pair of horns on your head.
You reflexively headbutt those who attack you in melee.


Message History

You feel sick.
Your Axes skill increases to level 4!
Your Armour skill increases to level 6!
You have reached level 3!
Your experience leads to an increase in your attributes!
Increase (S)trength, (I)ntelligence, or (D)exterity?
You feel stronger. x2
You feel sick.
Things that are here:
a +4 quarterstaff of chaos; a +0 cloak You can't wield that with only one hand.
You feel sick.
You start removing your armour.
You continue taking off your +0 buckler.
You feel sick.
You are no longer poisoned.
You continue taking off your +0 buckler. x2
The gnoll bouda hits you but does no damage.
You continue taking off your +0 buckler.
The gnoll bouda hits you with a +0 whip.
You finish taking off your +0 buckler.
Your +4 quarterstaff of chaos is briefly surrounded by a scintillating aura of random colours.
d - a +4 quarterstaff of chaos (weapon)
The gnoll bouda closely misses you. You furiously retaliate!
You headbutt the gnoll bouda.
The gnoll bouda hits you but does no damage.
You completely miss the gnoll bouda.
The gnoll bouda is lightly wounded.
The gnoll bouda hits you with a +0 whip.
* * * LOW HITPOINT WARNING * * *
You closely miss the gnoll bouda. You headbutt the gnoll bouda.
The gnoll bouda is moderately wounded.
The gnoll bouda hits you with a +0 whip.
* * * LOW HITPOINT WARNING * * *
The gnoll bouda hits you with a +0 whip.
* * * LOW HITPOINT WARNING * * *
You sock the gnoll bouda!
The gnoll bouda is poisoned.
You headbutt the gnoll bouda, but do no damage.
The gnoll bouda is almost dead.
The gnoll bouda hits you with a +0 whip!
You die...

##.............###...........
#⌠..........###...###........
#⌠..........# #.<.# #........
#⌠..........###...###........
##.............###...........
###∩........8.# #.8........∩
##∩.__......###......___∩#
######.8g........8.######
#⌠[@.........⌠#
###.........### #_......._#
#_......._# #........_#
#∩.......∩# ##∩.....∩##
##.....## ##⌠⌠⌠##


You could see a gnoll bouda (very poisoned).

Vanquished Creatures
  Crazy Yiuf (D)
  Terence (D)
  A bat (D)
  A hobgoblin (D)
4 creatures vanquished.

Notes
Turn   | Place    | Note
-------+----------+-------------------------------------------
     0 | D        | Parcival the Minotaur Fighter began the quest for the Orb.
     0 | D        | Reached XP level 1. HP: 19/19 MP: 0/0
     1 | D        | Found a shadowy altar of Dithmenos.
     1 | D        | Found a bloodstained altar of Trog.
     2 | D        | Found a hide-covered altar of Uskayaw.
     2 | D        | Found an ancient bone altar of Kikubaaqudgha.
     3 | D        | Found a sacrificial altar of Ru.
     4 | D        | Found a basalt altar of Yredelemnul.
     4 | D        | Found a glowing golden altar of the Shining One.
     4 | D        | Found a shimmering blue altar of Sif Muna.
     4 | D        | Found Wuefey's Staff Store.
     4 | D        | Found Ysuykhuysu's Magic Scroll Shop.
     5 | D        | Found Fapypoli's Distillery.
     5 | D        | Found Dasetz's Must-Have Magic.
     5 | D        | Found Buaxzono's Magic Scroll Shop.
     5 | D        | Round 1.
     7 | D        | Noticed Terence
     9 | D        | Became a worshipper of Trog the Wrathful
    18 | D        | Killed Terence
    19 | D        | Reached skill level 5 in Fighting
    19 | D        | Reached skill level 5 in Armour
    19 | D        | Reached skill level 5 in Shields
    19 | D        | Reached XP level 2. HP: 17/29 MP: 1/1
    32 | D        | Found a stormy altar of Qazlal.
    33 | D        | Found an ornate altar of the Wu Jian Council.
    38 | D        | Found Cyede's Jewellery.
    39 | D        | Found Sudoteup's Advanced Armour.
    41 | D        | Found an opulent altar of Gozag.
    41 | D        | Found a radiant altar of Vehumet.
    41 | D        | Found Zuwadghu's Identification Station.
    48 | D        | Reached * piety under Trog
    99 | D        | Found Sapaceuq's Distillery.
   100 | D        | Found Zitoth's Bottled Wisdom.
   101 | D        | Found a blossoming altar of Fedhas.
   101 | D        | Found a snail-covered altar of Cheibriados.
   101 | D        | Found a corrupted altar of Lugonu.
   101 | D        | Found Zuseoss's Do-It-Yourself Clinic.
   107 | D        | Arena points: 4 (+4) [x1]
   120 | D        | Found an iron altar of Okawaru.
   122 | D        | Round 2.
   124 | D        | Found a burning altar of Makhleb.
   124 | D        | Found Yfo Qimm's Weapon Rack.
   124 | D        | Found Ubosela's Basic Armour.
   125 | D        | Found Meaqah's Miscellaneous Merchandise.
   131 | D        | Found Busihiam's Premium Goods.
   131 | D        | Found a glowing silver altar of Zin.
   131 | D        | Found a shimmering altar of Xom.
   144 | D        | Noticed Crazy Yiuf
   154 | D        | Killed Crazy Yiuf
   155 | D        | Reached skill level 6 in Armour
   155 | D        | Reached XP level 3. HP: 20/37 MP: 2/2
   165 | D        | Slain by a gnoll bouda

Illustrated notes

Levels and vault maps discovered:
D:        arena_sprint

Skill      XL: |  1  2 |
---------------+-------+-----
Fighting       | 5 |  5.8
Axes           | 3 4 |  4.1
Armour         | 5 6 |  6.0
Shields        | 5 |  5.7

Action                     || total
---------------------------++-------
  Melee: War axe           ||     8
         Quarterstaff      ||     3
         Headbutt          ||     2
    Use: Potion            ||     1
 Armour: Scale mail        ||    15
  Dodge: Dodged            ||    13
  Block: Buckler           ||     7

Table legend: (Time is in decaauts)
 A = Elapsed time spent in this place.
 B = Non-inter-level travel time spent in this place.
 C = Inter-level travel time spent in this place.
 D = Time resting spent in this place.
 E = Time spent auto-exploring this place.
 F = Levels seen in this place.
 G = Mean time per level.
                   A        B        C        D        E       F      G
               +--------+--------+--------+--------+--------+-----+--------+
         Total |    168 |    164 |      4 |      0 |     81 |   1 |  168.0 |
       Dungeon |    168 |    164 |      4 |      0 |     81 |   1 |  168.0 |
               +--------+--------+--------+--------+--------+-----+--------+

Top non-repeatable levels by time:
       D: 168 daAuts
